 Dungeon Crawl Stone Soup version 0.22-a0-271-gc000056 (webtiles) character file.

73343 nikopol the Eclecticist (level 15, -6/76 HPs)
             Began as a Deep Elf Fire Elementalist on Mar 11, 2018.
             Was a High Priest of Sif Muna.
             Killed from afar by Urug (28 damage)
             ... with a wand of acid (4)
             ... on level 14 of the Dungeon.
             The game lasted 02:44:50 (29445 turns).

nikopol the Eclecticist (DEFE)                     Turns: 29445, Time: 02:44:50

Health: -6/76      AC:  0    Str:  3    XL:     15   Next: 3%
Magic:  14/64      EV: 15    Int: 27    God:    Sif Muna [*****.]
Gold:   1993       SH:  0    Dex: 15    Spells: 22/52 levels left

rFire    x . .     SeeInvis +   j - staff of power
rCold    + . .     Gourm    .   (no shield)
rNeg     . . .     Faith    .   X - +2 robe {MR+}
rPois    +         Spirit   .   (no helmet)
rElec    .         Reflect  .   H - +1 cloak
rCorr    .         Harm     .   (no gloves)
MR       ++...                  D - +1 pair of boots
Stlth    ++++......             (no amulet)
HPRegen  0.22/turn              W - ring "Ugaon" {Ice rPois Str-2 SInv Stlth+}
MPRegen  0.39/turn              J - ring of magical power

@: corroded
A: no striking features
a: Divine Energy, Channel Magic, Forget Spell, Renounce Religion


You were on level 14 of the Dungeon.
You worshipped Sif Muna.
Sif Muna was extremely pleased with you.
You were not hungry.

You visited 4 branches of the dungeon, and saw 23 of its levels.

You collected 2029 gold pieces.
You spent 36 gold pieces at shops.

Inventory:

Armour
 l - a +0 robe of cold resistance
 s - a +1 robe of magic resistance
 D - a +1 pair of boots (worn)
 H - a +1 cloak (worn)
 X - a +2 robe of magic resistance (worn)
Magical Staves
 j - an uncursed staff of power (weapon)
 q - an uncursed staff of conjuration
Jewellery
 e - the ring "Luyckourgh" {rN+ Dex+3}
   (You acquired it on level 2 of the Orcish Mines)

   [ring of positive energy]

   It affects your dexterity (+3).
   It protects you from negative energy.
 t - an uncursed ring of protection from fire
 E - an uncursed ring of flight
 J - a ring of magical power (right hand)
 M - a +2 ring of evasion
 U - an uncursed ring of resist corrosion
 W - the ring "Ugaon" (left hand) {Ice rPois Str-2 SInv Stlth+}
   (You found it on level 6 of the Lair of Beasts)

   [ring of ice]

   It enhances your ice magic.
   It affects your strength (-2).
   It makes you vulnerable to fire.
   It protects you from cold.
   It protects you from poison.
   It lets you see invisible.
   It makes you more stealthy.
Wands
 h - a wand of enslavement (32)
 i - a wand of digging (14)
 v - a wand of polymorph (16)
 w - a wand of flame (40)
 x - a wand of random effects (37)
 A - a wand of paralysis (27)
 G - a wand of acid (17)
Scrolls
 d - 3 scrolls of remove curse
 f - 3 scrolls of fog
 o - a scroll of immolation
 p - 7 scrolls of enchant armour
 y - 2 scrolls of identify
 z - 4 scrolls of silence
 B - 4 scrolls of fear
 C - a scroll of enchant weapon
 I - a scroll of brand weapon {unknown}
 L - a scroll of amnesia {unknown}
 O - 6 scrolls of teleportation
 P - a scroll of blinking
 R - 2 scrolls of magic mapping
 T - a scroll of torment {unknown}
Potions
 a - 3 potions of haste
 b - a potion of lignification
 g - 3 potions of berserk rage
 k - 7 potions of curing
 m - 2 potions of ambrosia
 n - a potion of might
 r - 2 potions of flight
 u - a potion of invisibility
 F - 3 potions of agility
 N - 3 potions of cancellation
 Q - a potion of mutation
 S - a potion of resistance
Miscellaneous
 K - a phial of floods
Comestibles
 c - 33 rations
 V - a chunk of flesh


   Skills:
 + Level 2.5 Fighting
 + Level 0.3 Staves
 + Level 5.4 Dodging
 + Level 5.0 Stealth
 + Level 19.3 Spellcasting
 + Level 15.1 Conjurations
 + Level 15.5 Fire Magic
 + Level 2.6 Ice Magic
 + Level 3.5 Earth Magic


You had 22 spell levels left.
You knew the following spells:

 Your Spells              Type           Power        Failure   Level  Hunger
a - Flame Tongue          Conj/Fire      #####        0%          1    None
b - Throw Flame           Conj/Fire      ######       0%          2    None
c - Conjure Flame         Conj/Fire      #######.     0%          3    None
d - Sticky Flame          Conj/Fire      #######.     1%          4    None
e - Fireball              Conj/Fire      #######...   1%          5    None
f - Throw Icicle          Conj/Ice       #######.     1%          4    None
g - Bolt of Magma         Conj/Fire/Erth ######....   1%          5    None
h - Bolt of Cold          Conj/Ice       #######...   6%          6    ##.....


Dungeon Overview and Level Annotations

Branches:
Dungeon (14/15)            Temple (1/1) D:4            Lair (6/6) D:11
 Shoals (0/4) Lair:3       Spider (0/4) Lair:2        Slime (0/5) Lair:5
    Orc (2/2) D:10            Elf (0/3) Orc:2        Vaults (0/5) D:14

Altars:
Ashenzari
Cheibriados
Elyvilon
Fedhas
Hepliaklqana
Kikubaaqudgha
Makhleb
Nemelex Xobeh
Okawaru
Qazlal
Ru
Sif Muna
Trog
Uskayaw
Vehumet
Wu Jian
Yredelemnul
Beogh
Jiyva

Shops:
D:6 *   D:8 [   Orc:2 ***:(

Annotations:
D:14 Urug
Lair:5 1 runed door


Message History

You are splashed with acid!
The acid burns!
It is a wand of acid (5).
Casting: Bolt of Cold (safe; 6% risk of failure)
Confirm with . or Enter, or press ? or * to list all spells.
Aiming: Fireball (safe; 1% risk of failure)
Press: ? - help, Shift-Dir - straight line, f/p - Urug
Aim: Urug, wielding a demon trident of freezing, wearing a scale mail and carrying a wand of acid (5)
The fireball explodes!
The fireball engulfs Urug.
Urug is heavily wounded.
The fireball engulfs the ogre mage.
The ogre mage is heavily wounded.
You hear a shout! x2
Urug zaps a wand.
The bolt of acid hits you! The acid corrodes you!
You are splashed with acid!
The acid burns!
* * * LOW HITPOINT WARNING * * *
Urug throws a javelin.
The javelin misses you.
The ogre mage casts a spell.
The ogre mage flickers and vanishes for a moment.
There is a stone staircase leading up, spattered with blood here.
Urug zaps a wand.
The bolt of acid hits you!
You die...

########
#.((.÷.#####
#(###.(....#
#.÷[@....#.#
..###..#.†...†.#
#Oo†........)).....#
#.##...)(..##.#.##.#
.# #. ##.##......#.#
.# # #......#### .
.# .
.############.#. .#
.. ...........p.c###
.# ...
..............#


You could see Urug and an ogre mage (invisible).

Vanquished Creatures
  A stone giant (Orc:1)
  Nessos (D:12)
  10 hydras
  3 centaur warriors
  Erica (D:8)
  2 catoblepae
  3 death yaks (Lair:6)
  6 two-headed ogres
  An alligator (Lair:6)
  A deep troll shaman (Lair:6)
  The ghost of tidbits the Martial Artist, a novice GnTm of Cheibriados (D:9)
  3 orc high priests (Orc:2)
  A lindwurm (Lair:5)
  6 orc knights (Orc:2)
  A necromancer (Lair:5)
  Pikel (D:5)
  An orb spider (Lair:2)
  An ugly thing (D:13)
  A wolf spider (Lair:6)
  2 deep elf magi
  5 orc sorcerers (Orc:2)
  7 oklob plants
  A manticore (D:11)
  2 cyclopes (D:12)
  A centaur zombie (D:13)
  2 black mambas (Lair:6)
  7 elephants
  6 torpor snails
  A gargoyle (D:12)
  5 centaur skeletons
  10 spiny frogs
  2 rime drakes
  A kobold demonologist (D:13)
  4 komodo dragons
  8 trolls
  A polar bear (Lair:3)
  2 hornets
  11 hippogriffs
  4 slime creatures (D:12)
  16 blink frogs
  A spriggan (D:11)
  5 wyverns
  10 humans
  17 yaks
  Eustachio (D:5)
  A steam dragon (D:11)
  3 vampire mosquitoes (D:12)
  4 hungry ghosts
  3 basilisks
  A warg (Orc:2)
  8 porcupines
  24 orc warriors
  4 water moccasins
  Duvessa (D:6)
  3 ice beasts
  5 black bears
  2 elephant zombies (Lair:5)
  2 eyes of draining
  6 sky beasts
  5 wolves (Lair:6)
  6 necrophages
  13 ogres
  16 centaurs
  9 crocodiles
  3 big kobolds
  16 bullfrogs
  2 gnoll sergeants
  Dowan (D:6)
  2 scorpions
  2 wyvern skeletons
  21 killer bees
  5 howler monkeys
  5 wights (D:11)
  4 electric eels
  5 crimson imps
  A quasit (D:12)
  27 orc priests
  2 hounds
  A basilisk zombie (Lair:5)
  A jelly (D:7)
  A bullfrog skeleton (D:13)
  19 orc wizards
  Natasha (D:3)
  6 worker ants
  A crocodile zombie (Lair:5)
  A hound zombie (D:6)
  A howler monkey zombie (D:7)
  A worker ant zombie (D:7)
  10 gnolls
  8 adders
  4 shadow imps
  An adder zombie (D:6)
  An adder skeleton (D:4)
  5 worms
  5 leopard geckos
  65 orcs
  3 ball pythons
  4 bats
  6 giant cockroaches
  6 goblins
  5 hobgoblins
  14 jackals
  3 quokkas
  15 kobolds
  A leopard gecko skeleton (D:4)
  A leopard gecko zombie (D:7)
  9 rats
  10 bushes
  2 fungi
  7 plants
607 creatures vanquished.

Vanquished Creatures (others)
  A centaur zombie (D:5)
  A hound zombie (D:5)
  A bush (Lair:6)
  7 fungi (Lair:6)
  10 plants
20 creatures vanquished.

Grand Total: 627 creatures vanquished

Notes
Turn   | Place    | Note
-------+----------+-------------------------------------------
     0 | D:1      | nikopol the Deep Elf Fire Elementalist began the quest for the Orb.
     0 | D:1      | Reached XP level 1. HP: 10/10 MP: 6/6
   266 | D:1      | Reached XP level 2. HP: 15/15 MP: 5/8
   270 | D:1      | Learned a level 2 spell: Throw Flame
   959 | D:2      | Reached XP level 3. HP: 19/19 MP: 6/10
   964 | D:2      | Learned a level 3 spell: Conjure Flame
  1583 | D:2      | Reached XP level 4. HP: 24/24 MP: 11/11
  2257 | D:3      | Reached skill level 4 in Spellcasting
  2679 | D:3      | Reached XP level 5. HP: 28/28 MP: 13/13
  2736 | D:3      | Learned a level 4 spell: Sticky Flame
  2915 | D:3      | Noticed Natasha
  2920 | D:3      | Killed Natasha
  3163 | D:4      | Found a staircase to the Ecumenical Temple.
  3168 | Temple   | Entered the Ecumenical Temple
  3190 | Temple   | Became a worshipper of Sif Muna the Loreminder
  3235 | D:4      | Reached skill level 5 in Spellcasting
  3408 | D:4      | Noticed a water moccasin
  3414 | D:4      | Killed a water moccasin
  3414 | D:4      | Reached skill level 5 in Fire Magic
  3414 | D:4      | Reached XP level 6. HP: 21/32 MP: 15/15
  3476 | D:4      | Learned a level 5 spell: Fireball
  3949 | D:5      | Entered Level 5 of the Dungeon
  3960 | D:5      | Reached skill level 6 in Spellcasting
  3960 | D:5      | Reached XP level 7. HP: 36/36 MP: 18/18
  4191 | D:5      | Reached * piety under Sif Muna
  4192 | D:5      | Noticed Eustachio
  4227 | D:5      | Killed Eustachio
  4406 | D:5      | Noticed Pikel
  4433 | D:5      | Killed Pikel
  4433 | D:5      | Reached skill level 7 in Spellcasting
  4433 | D:5      | Reached skill level 5 in Conjurations
  4433 | D:5      | Reached XP level 8. HP: 42/42 MP: 19/21
  5601 | D:6      | Noticed Duvessa
  5601 | D:6      | Noticed Dowan
  5733 | D:6      | Reached skill level 1 in Fighting
  5733 | D:6      | Reached skill level 8 in Spellcasting
  5753 | D:6      | Found Zoenaapn's Assorted Antiques.
  5893 | D:6      | Found a burning altar of Makhleb.
  5895 | D:6      | Reached ** piety under Sif Muna
  5951 | D:6      | Killed Duvessa
  5952 | D:6      | Killed Dowan
  6989 | D:7      | Found a blossoming altar of Fedhas.
  7021 | D:7      | Reached skill level 9 in Spellcasting
  7021 | D:7      | Reached XP level 9. HP: 48/48 MP: 24/24
  7603 | D:7      | Found a burning altar of Makhleb.
  8036 | D:7      | Reached *** piety under Sif Muna
  8044 | D:7      | Reached skill level 10 in Spellcasting
  8201 | D:8      | Noticed Erica
  8318 | D:8      | Killed Erica
  8318 | D:8      | Reached skill level 11 in Spellcasting
  8371 | D:8      | Found Riluseh's Armour Emporium.
  8432 | D:8      | Reached XP level 10. HP: 53/53 MP: 27/27
  8450 | D:8      | Reached **** piety under Sif Muna
  8759 | D:8      | Noticed a two-headed ogre
  8763 | D:8      | Killed a two-headed ogre
  9425 | D:9      | Noticed a two-headed ogre
  9430 | D:9      | Killed a two-headed ogre
  9430 | D:9      | Reached skill level 10 in Fire Magic
  9504 | D:9      | Noticed tidbits's ghost (novice GnTm)
  9531 | D:9      | Killed tidbits's ghost
  9531 | D:9      | Reached skill level 12 in Spellcasting
  9550 | D:9      | Noticed a two-headed ogre
  9805 | D:9      | Killed a two-headed ogre
 10430 | D:10     | Entered Level 10 of the Dungeon
 10519 | D:10     | Reached skill level 10 in Conjurations
 10519 | D:10     | Reached XP level 11. HP: 57/57 MP: 29/29
 10582 | D:10     | Reached ***** piety under Sif Muna
 10703 | D:10     | Found a staircase to the Orcish Mines.
 10876 | D:10     | Found a roughly hewn altar of Beogh.
 10887 | D:10     | Identified Sif Muna's Grimoire of Bewitching Conjuration (Sif Muna gifted it to you on level 10 of the Dungeon)
 10887 | D:10     | Received a gift from Sif Muna
 10971 | D:10     | Noticed a two-headed ogre
 10979 | D:10     | Reached skill level 13 in Spellcasting
 10985 | D:10     | Killed a two-headed ogre
 11644 | D:11     | Found a staircase to the Lair.
 11861 | D:11     | You fall through a shaft for 3 floors!
 12173 | D:14     | Noticed a centaur warrior
 12788 | D:12     | Reached skill level 14 in Spellcasting
 12987 | D:12     | Noticed Nessos
 13006 | D:12     | Noticed a seven-headed hydra
 13009 | D:12     | Noticed a two-headed ogre
 13015 | D:12     | Killed a seven-headed hydra
 13029 | D:12     | Killed a two-headed ogre
 13029 | D:12     | Reached XP level 12. HP: 24/62 MP: 27/32
 13436 | D:11     | Noticed a centaur warrior
 13442 | D:11     | Killed a centaur warrior
 13442 | D:11     | Identified Sif Muna's Almanac of Damaging Calling (Sif Muna gifted it to you on level 11 of the Dungeon)
 13442 | D:11     | Received a gift from Sif Muna
 13449 | D:11     | Learned a level 4 spell: Throw Icicle
 13484 | D:11     | Reached skill level 15 in Spellcasting
 14061 | D:11     | Noticed a seven-headed hydra
 14068 | D:11     | Killed a seven-headed hydra
 14073 | D:11     | Noticed a centaur warrior
 14075 | D:11     | Killed a centaur warrior
 14078 | D:11     | Noticed a four-headed hydra
 14083 | D:11     | Killed a four-headed hydra
 14083 | D:11     | Reached skill level 1 in Ice Magic
 14701 | D:12     | Killed Nessos
 15278 | D:12     | Reached skill level 16 in Spellcasting
 15669 | D:12     | Identified Sif Muna's Grimoire of Torrid Conjuration (Sif Muna gifted it to you on level 12 of the Dungeon)
 15669 | D:12     | Received a gift from Sif Muna
 16175 | D:11     | Learned a level 5 spell: Bolt of Magma
 16177 | Lair:1   | Entered Level 1 of the Lair of Beasts
 16375 | Lair:1   | Reached XP level 13. HP: 44/67 MP: 30/35
 17634 | Lair:2   | Reached skill level 5 in Dodging
 17925 | Lair:2   | Reached skill level 1 in Earth Magic
 17947 | Lair:2   | Reached skill level 17 in Spellcasting
 18438 | Lair:2   | Found a hole to the Spider Nest.
 18438 | Lair:2   | Found a deep blue altar of Sif Muna.
 18859 | Lair:3   | Found a staircase to the Shoals.
 19280 | Lair:3   | Found a snail-covered altar of Cheibriados.
 19445 | Lair:3   | Received a gift from Sif Muna
 21773 | Lair:5   | Learned a level 6 spell: Bolt of Cold
 21820 | Lair:5   | Found a runed door.
 21821 | Lair:5   | Found a viscous altar of Jiyva.
 21821 | Lair:5   | Noticed an acid blob
 21821 | Lair:5   | Noticed an acid blob
 21833 | Lair:5   | Found a staircase to the Slime Pits.
 21833 | Lair:5   | Noticed an acid blob
 22173 | Lair:5   | Noticed an acid blob
 22188 | Lair:6   | Entered Level 6 of the Lair of Beasts
 22197 | Lair:5   | Reached XP level 14. HP: 14/72 MP: 35/37
 22495 | Lair:5   | Reached skill level 18 in Spellcasting
 23686 | Lair:6   | Identified Sif Muna's Incunabulum of the Supportive Traveller (Sif Muna gifted it to you on level 6 of the Lair of Beasts)
 23686 | Lair:6   | Received a gift from Sif Muna
 25425 | Lair:6   | Reached skill level 15 in Fire Magic
 25572 | Lair:6   | Got a slimy glass ring
 25587 | Lair:6   | Identified the ring "Ugaon" {Ice rPois Str-2 SInv Stlth+} (You found it on level 6 of the Lair of Beasts)
 25785 | Orc:1    | Entered Level 1 of the Orcish Mines
 26053 | Orc:1    | Noticed a stone giant
 26056 | Orc:1    | Killed a stone giant
 26462 | Orc:1    | Found a roughly hewn altar of Beogh.
 26667 | Orc:2    | Entered Level 2 of the Orcish Mines
 26869 | Orc:2    | Found Puogguh's Antique Weapon Emporium.
 27443 | Orc:2    | Found a staircase to the Elven Halls.
 27533 | Orc:2    | Paralysed by an orc sorcerer for 2 turns
 27538 | Orc:2    | Reached skill level 5 in Stealth
 27543 | Orc:2    | Reached skill level 19 in Spellcasting
 27547 | Orc:2    | Identified Poluet's Guide on Conjuration (Sif Muna gifted it to you on level 2 of the Orcish Mines)
 27547 | Orc:2    | Received a gift from Sif Muna
 27959 | Orc:2    | Reached skill level 15 in Conjurations
 28152 | Orc:2    | Found Zaqodwuq's General Store.
 28171 | Orc:2    | Found Meerrai's General Store.
 28212 | Orc:2    | Found Toduil's Book Shoppe.
 28214 | Orc:2    | Found Getal's Assorted Antiques.
 28236 | Orc:2    | Bought a scroll of identify for 36 gold pieces
 28237 | Orc:2    | Identified 2 scrolls of acquirement
 28264 | Orc:2    | Got a brightly glowing tin ring
 28265 | Orc:2    | Identified the ring "Luyckourgh" {rN+ Dex+3} (You acquired it on level 2 of the Orcish Mines)
 28552 | D:13     | Found a snail-covered altar of Cheibriados.
 28585 | D:13     | Found an ancient bone altar of Kikubaaqudgha.
 29305 | D:14     | Found a gate to the Vaults.
 29305 | D:14     | Noticed Urug
 29343 | D:14     | Reached XP level 15. HP: 59/76 MP: 39/40
 29445 | D:14     | Killed from afar by Urug

Vault maps used:
D:1:      dpeg_arrival_tiny_f, hangedman_decor_points, minmay_liquid_box
D:3:      uniq_natasha
D:4:      temple_doors_cd, first_ration
D:5:      uniq_pikel, uniq_eustachio
D:6:      serial_shops, kennysheep_little_box, makhleb_heckhound_becter,
          uniq_duvessa
D:7:      lemuel_doored_altar, fedhas_altar_decomposition
D:8:      nicolae_ossuary_entry_plus, serial_shops, shop, uniq_erica
D:10:     minmay_orc_entry_temple_small, kennysheep_generic_room_13
D:11:     kennysheep_blocky_room, dpeg_oklobed_lair, the_bakery
D:12:     uniq_nessos
D:13:     basic_altar, cheibriados_altar_1
D:14:     david_vaults_3, minmay_misc_feat_nine_boxes, uniq_roxanne, uniq_louise
Temple:   grunt_wide_crystal_templ
Lair:1:   st_stairs_12, serial_bayou_ford_a, minmay_holes,
          minmay_lair_oklob_bushes, serial_bayou_shore_a, grunt_megastairs_2
Lair:2:   nicolae_spider_entry_orb_guardian, lemuel_oklob_altar,
          grunt_megastairs_4
Lair:3:   minmay_shoals_entry_centaurs, kennysheep_snail_temple,
          lemuel_fruit_tree
Lair:5:   pond_and_an_island_with_a_cottage, slime_altar_2, fungi_pond_lemuel,
          fungi_pond_lemuel
Lair:6:   grunt_lair_end_beastmaster, lab_entry_generic,
          grunt_forest_large_clearing_hut, infiniplex_staircase_pool_2,
          minmay_lair_oklob_chamber, serial_bayou_shore_b, serial_bayou_shore_b
Orc:1:    mines1_david
Orc:2:    st_orc_elflike, serial_shops, shop

Skill      XL: |  1  2  3  4  5  6  7  8  9 10 11 12 13 14 |
---------------+-------------------------------------------+-----
Stealth        | 3 4 5 |  5.0
Fire Magic     | 4 5 6 7 9 10 12 13 14 15 | 15.5
Spellcasting   | 4 5 6 7 9 11 12 14 16 17 19 | 19.3
Conjurations   | 2 3 4 5 6 8 10 11 12 13 15 | 15.1
Dodging        | 3 4 5 |  5.4
Fighting       | 1 2 |  2.5
Ice Magic      | 2 |  2.6
Earth Magic    | 1 3 |  3.5
Staves         | |  0.3

Action                   |  1- 3 |  4- 6 |  7- 9 | 10-12 | 13-15 || total
-------------------------+-------+-------+-------+-------+-------++-------
Melee: Dagger            |     1 |       |       |       |       ||     1
       Staff             |       |       |    24 |       |       ||    24
 Cast: Flame Tongue      |    57 |   103 |   168 |   418 |   177 ||   923
       Conjure Flame     |       |     1 |     8 |    26 |    30 ||    65
       Sticky Flame      |       |     4 |    14 |    46 |    57 ||   121
       Throw Flame       |       |     9 |    38 |    54 |   173 ||   274
       Fireball          |       |       |     7 |    69 |   119 ||   195
       Throw Icicle      |       |       |       |     9 |       ||     9
       Bolt of Magma     |       |       |       |       |    88 ||    88
       Bolt of Cold      |       |       |       |       |    27 ||    27
Evoke: Wand              |       |       |       |       |     4 ||     4
  Use: Scroll            |       |       |     6 |    16 |    14 ||    36
       Potion            |       |       |       |     1 |     4 ||     5
  Eat: Chunk             |     2 |     8 |    12 |    24 |    24 ||    70
       Ration            |       |       |     1 |     1 |     5 ||     7
Armor: Robe              |     1 |     4 |     8 |    22 |    11 ||    46
Dodge: Dodged            |     8 |    17 |    64 |    74 |   100 ||   263

Table legend:
 A = Spawn XP
 B = Non-spawn XP
 C = Spawn XP percentage of total XP
 D = Spawn monster count
 E = Non-spawn monster count
 F = Spawn count percentage of total count
 G = Total turns spent on level
                    A         B        C        D         E        F      G
               +---------+---------+-------+---------+---------+-------+---------
         Total |       0 |  104777 |   0.0 |       0 |     588 |   0.0 | 29445
               +---------+---------+-------+---------+---------+-------+---------
           D:1 |       0 |      27 |   0.0 |       0 |      17 |   0.0 |   946
           D:2 |       0 |      78 |   0.0 |       0 |      20 |   0.0 |  1175
           D:3 |       0 |     186 |   0.0 |       0 |      27 |   0.0 |  1009
           D:4 |       0 |     365 |   0.0 |       0 |      18 |   0.0 |   904
           D:5 |       0 |    1185 |   0.0 |       0 |      18 |   0.0 |  1608
           D:6 |       0 |     868 |   0.0 |       0 |      28 |   0.0 |  1237
           D:7 |       0 |    1254 |   0.0 |       0 |      20 |   0.0 |  1334
           D:8 |       0 |    2947 |   0.0 |       0 |      20 |   0.0 |   902
           D:9 |       0 |    3713 |   0.0 |       0 |      16 |   0.0 |  1357
          D:10 |       0 |    3876 |   0.0 |       0 |      37 |   0.0 |   902
          D:11 |       0 |    8696 |   0.0 |       0 |      42 |   0.0 |  2107
          D:12 |       0 |    9872 |   0.0 |       0 |      53 |   0.0 |  2466
          D:13 |       0 |    3620 |   0.0 |       0 |      26 |   0.0 |   908
          D:14 |       0 |    5089 |   0.0 |       0 |      16 |   0.0 |   425
        Lair:1 |       0 |    5114 |   0.0 |       0 |      21 |   0.0 |  1410
        Lair:2 |       0 |    8108 |   0.0 |       0 |      25 |   0.0 |  1424
        Lair:3 |       0 |    6874 |   0.0 |       0 |      22 |   0.0 |  1224
        Lair:4 |       0 |    3635 |   0.0 |       0 |      13 |   0.0 |   912
        Lair:5 |       0 |    5315 |   0.0 |       0 |      23 |   0.0 |  1661
        Lair:6 |       0 |   18475 |   0.0 |       0 |      41 |   0.0 |  2923
         Orc:1 |       0 |    3181 |   0.0 |       0 |      30 |   0.0 |   894
         Orc:2 |       0 |   12299 |   0.0 |       0 |      55 |   0.0 |  1685
               +---------+---------+-------+---------+---------+-------+---------
